 Dungeon Crawl Stone Soup version 0.20.1-1-g8b1a95d (console) character file.

1956 hilaritas the Cleaver (level 9, 0/68 HPs)
             Began as a Formicid Fighter on Dec 12, 2017.
             Was a Believer of Makhleb.
             Killed by divine providence
             ... invoked by an orc priest
              (13 damage)
             ... on level 6 of the Dungeon.
             The game lasted 00:16:39 (5632 turns).

hilaritas the Cleaver (Formicid Fighter)            Turns: 5632, Time: 00:16:40

Health: 0/68       AC: 13    Str: 23    XL:     9   Next: 42%
Magic:  12/12      EV:  5    Int:  9    God:    Makhleb [**....]
Gold:   204        SH: 11    Dex: 10    Spells: 8/8 levels left

rFire    + . .     SeeInvis +   y - +11 plutonium sword {*Contam Stlth-}
rCold    + . .     Gourm    .   c - +1 shield
rNeg     . . .     Faith    .   B - +0 plate armour
rPois    .         Spirit   .   (helmet unavailable)
rElec    .         Reflect  .   e - scarf {rC+ rF+}
rCorr    .         Harm     .   p - +1 pair of gloves
MR       .....                  (no boots)
Stlth    ..........             (no amulet)
Regen    0.3/turn               (no ring)
MPRegen  0.2/turn               (no ring)

@: very slow
A: permanent stasis, dig shafts and tunnels, four strong arms, antennae 3
a: Dig, Shaft Self, Minor Destruction, Renounce Religion


You were on level 6 of the Dungeon.
You worshipped Makhleb.
Makhleb was pleased with you.
You were not hungry.

You visited 1 branch of the dungeon, and saw 6 of its levels.

You collected 204 gold pieces.

Inventory:

Hand Weapons
 a - a +1 war axe of flaming
 y - the +11 plutonium sword (weapon) {*Contam Stlth-}
   (You found it on level 5 of the Dungeon)

   It causes magical contamination when unequipped.
   It makes you less stealthy.
Armour
 c - a +1 shield (worn)
 e - a scarf of resistance (worn)
 k - a +0 large shield
 p - a +1 pair of gloves (worn)
 B - a +0 plate armour (worn)
Jewellery
 u - an uncursed amulet of magic regeneration
Wands
 s - a wand of scattershot (0/9)
 A - a wand of clouds (9/9)
Scrolls
 d - a scroll of enchant armour
 g - 6 scrolls of remove curse
 q - a scroll of recharging
Potions
 b - a potion of flight {unknown}
 h - a potion of haste {unknown}
 i - a potion of heal wounds
 j - a potion of brilliance {unknown}
 m - 2 potions of magic
 t - a potion of degeneration {unknown}
 v - a potion of mutation {unknown}
 x - a potion of curing {unknown}
Books
 l - a book of Debilitation

   Spells                             Type                      Level
   a - Corona                         Hexes                        1
   b - Slow                           Hexes                        2
   c - Inner Flame                    Hexes/Fire                   3
   d - Portal Projectile              Hexes/Translocation          3
   e - Cause Fear                     Hexes                        4
   f - Leda's Liquefaction            Hexes/Earth                  4
 r - a book of Misfortune

   Spells                             Type                      Level
   a - Confusing Touch                Hexes                        1
   b - Confuse                        Hexes                        3
   c - Gell's Gravitas                Translocation                3
   d - Petrify                        Transmutation/Earth          4
   e - Metabolic Englaciation         Hexes/Ice                    5
   f - Yara's Violent Unravelling     Hexes/Transmutation          5
Comestibles
 f - 6 bread rations
 n - 2 royal jellies
 o - 3 meat rations
 w - a fruit


   Skills:
 + Level 5.5 Fighting
 * Level 4.5 Long Blades
 - Level 8.0 Axes
 - Level 3.2 Armour
 + Level 6.7 Shields
 * Level 4.4 Invocations


You had 8 spell levels left.
You didn't know any spells.

Dungeon Overview and Level Annotations

Branches:
Dungeon (6/15)             Temple (0/1) D:4

Altars:
Ashenzari
Cheibriados
Elyvilon
Gozag
Makhleb
Okawaru
Sif Muna
Uskayaw
Vehumet
Yredelemnul
Zin
The Shining One

Shops:
D:4 (

Annotations:
D:6 1 transporter


Innate Abilities, Weirdness & Mutations

You cannot be hasted, slowed, berserked, paralysed or teleported.
You can dig through walls and to a lower floor.
Your four strong arms can wield two-handed weapons with a shield.
You have a pair of large antennae on your head. (SInv)


Message History

Pain shoots through your body!
You feel much better. The shadow imp gestures at you.
You resist with significant effort.
There is an open door here.
The orc priest mumbles some strange prayers to Beogh against you.
Beogh smites you!
The orc priest looks encouraged for a moment.
The orc priest invokes the aid of Beogh against you.
Beogh smites you! The shadow imp gestures at you.
You resist with significant effort.
You enter the shallow water.
Moving in this stuff is going to be slow.
The orc priest invokes the aid of Beogh against you.
Beogh smites you!
* * * LOW HITPOINT WARNING * * *
The orc priest calls down the wrath of Beogh upon you.
Beogh smites you!
You die...

.# #.####.####...####.####....#+
.# ##.#................# #.##...
.###..#.#...#########..# #.#.<..
........#...#8P$©$P8#..# #.#....
........#...#≈.[.?.≈#..# #.#....
..###..##...####+####..# #.#....
'.##...##...#.≈...≈.#..####.#..#.
....#..##...#.≈...≈.#..##...#..#.
(..##...#...#.≈≈≈≈≈.#............
_..+........#)≈P⌠≈≈.#...#........
...##..##...#o≈P@≈≈o#...#....##.#
...##..##...#o≈...≈5#...#.##.##.#
+...#..##...#5≈...≈K#...#.##[##.#
.####...#...####'####........##.#
........#...#P.....P#.........#.#
........#>..#8P...P8#............
..#####.#...#########.........#.#
#######.#.......©.............#..
#.......#.........#........)..###
#.#######.####...#.>..#.......#
#.).....#.##........#.#.......#


You could see a kobold demonologist, 3 orc priests and 2 shadow imps.

Vanquished Creatures
  The ghost of Statics the Martial Artist, a novice DsMo of Cheibriados (D:6)
  Eustachio (D:4)
  The ghost of homeworkjunkie the Chopper, an amateur HOFi (D:3)
  An orc warrior (D:6)
  Purgy (D:4)
  2 ogres
  2 scorpions (D:5)
  A bullfrog zombie (D:5)
  2 hounds
  An orc priest (D:6)
  4 orc wizards
  Natasha (thrice) (D:3)
  4 worker ants
  A worker ant zombie (D:5)
  7 gnolls (D:3)
  9 adders
  2 shadow imps
  4 oozes
  An adder zombie (D:5)
  A worm (D:4)
  2 dart slugs
  3 leopard geckos
  16 orcs
  A ball python (D:2)
  2 gnoll zombies (D:5)
  5 goblins
  7 hobgoblins
  12 kobolds
  2 quokkas
  3 bats
  2 frilled lizards
  A goblin skeleton (D:6)
  2 goblin zombies (D:6)
  2 hobgoblin zombies (D:6)
  A jackal skeleton (D:6)
  A kobold skeleton (D:6)
  2 kobold zombies (D:6)
  An orc skeleton (D:6)
  2 orc zombies (D:6)
  5 rats
121 creatures vanquished.

Notes
Turn   | Place    | Note
-------+----------+-------------------------------------------
     0 | D:1      | hilaritas the Formicid Fighter began the quest for the Orb.
     0 | D:1      | Reached XP level 1. HP: 18/18 MP: 1/1
    62 | D:1      | Reached XP level 2. HP: 24/24 MP: 2/2
   512 | D:1      | Reached XP level 3. HP: 29/29 MP: 3/3
   987 | D:2      | Reached skill level 3 in Axes
  1064 | D:2      | Reached XP level 4. HP: 36/36 MP: 4/4
  1099 | D:2      | Found a shattered altar of Ashenzari.
  1280 | D:2      | Found a faded altar of an unknown god.
  1471 | D:2      | Found a burning altar of Makhleb.
  1471 | D:2      | Found a radiant altar of Vehumet.
  1487 | D:2      | Became a worshipper of Makhleb the Destroyer
  1584 | D:3      | Found a hide-covered altar of Uskayaw.
  1704 | D:3      | Noticed homeworkjunkie's ghost (amateur HOFi)
  1718 | D:3      | Killed homeworkjunkie's ghost
  1718 | D:3      | Reached skill level 4 in Axes
  1718 | D:3      | Reached skill level 1 in Invocations
  1718 | D:3      | Reached XP level 5. HP: 26/42 MP: 4/6
  1718 | D:3      | Reached XP level 6. HP: 30/48 MP: 4/7
  1759 | D:3      | Reached skill level 5 in Axes
  2100 | D:3      | Reached * piety under Makhleb
  2280 | D:3      | Noticed Natasha
  2287 | D:3      | Killed Natasha
  2287 | D:3      | Reached skill level 5 in Shields
  2388 | D:3      | Noticed Natasha
  2397 | D:3      | Killed Natasha
  2397 | D:3      | Reached XP level 7. HP: 30/54 MP: 8/8
  2569 | D:3      | Noticed Natasha
  2577 | D:3      | Killed Natasha
  2633 | D:3      | Reached skill level 6 in Axes
  2790 | D:4      | Noticed Purgy
  2800 | D:4      | Killed Purgy
  2802 | D:4      | Found a staircase to the Ecumenical Temple.
  2876 | D:4      | Found an iron altar of Okawaru.
  2982 | D:4      | Found Avimuq's Antique Weapon Shop.
  3134 | D:4      | Noticed Eustachio
  3313 | D:4      | Killed Eustachio
  3313 | D:4      | Reached skill level 7 in Axes
  3313 | D:4      | Reached XP level 8. HP: 34/61 MP: 8/10
  3793 | D:5      | Entered Level 5 of the Dungeon
  3934 | D:5      | Found a deep blue altar of Sif Muna.
  4021 | D:5      | Reached ** piety under Makhleb
  4208 | D:5      | Found a snail-covered altar of Cheibriados.
  4694 | D:5      | Found a basalt altar of Yredelemnul.
  4736 | D:5      | Reached skill level 8 in Axes
  4978 | D:6      | Found a white marble altar of Elyvilon.
  5044 | D:6      | Found a glowing golden altar of the Shining One.
  5048 | D:6      | Noticed Statics's ghost (novice DsMo)
  5053 | D:6      | Found a transporter.
  5067 | D:6      | Killed Statics's ghost
  5067 | D:6      | Reached skill level 5 in Fighting
  5067 | D:6      | Reached XP level 9. HP: 39/68 MP: 10/12
  5220 | D:6      | Found a transporter.
  5338 | D:6      | Noticed a kobold demonologist
  5428 | D:6      | Found a glowing silver altar of Zin.
  5429 | D:6      | Found an opulent altar of Gozag.
  5632 | D:6      | Killed from afar by an orc priest

Skill      XL: |  1  2  3  4  5  6  7  8  9 |
---------------+----------------------------+-----
Shields        | 4 5 6 |  6.7
Axes           | 3 4 5 7 8 |  8.0
Fighting       | 4 5 |  5.5
Invocations    | 1 2 4 |  4.4
Long Blades    | 3 4 |  4.5
Armour         | |  3.2

Action                   |  1- 3 |  4- 6 |  7- 9 || total
-------------------------+-------+-------+-------++-------
Melee: War axe           |    95 |   109 |   288 ||   492
       Triple sword      |       |       |    43 ||    43
Evoke: Wand              |       |       |     2 ||     2
  Use: Potion            |       |     1 |     2 ||     3
       Scroll            |       |       |    12 ||    12
  Eat: Chunk             |       |     5 |    10 ||    15
       Fruit             |       |       |     1 ||     1
Armor: Scale mail        |    46 |       |       ||    46
       Chain mail        |       |    52 |   155 ||   207
       Plate armour      |       |       |     9 ||     9
Dodge: Dodged            |    22 |    22 |    77 ||   121
Block: Shield            |    54 |    64 |   221 ||   339
       Rpst.: Triple sword |       |       |     3 ||     3
